 Dungeon Crawl Stone Soup version 0.22-a0-161-g198051c (webtiles) character file.

45 b5mith the Poker (level 3, -8/29 HPs)
             Began as a Human Berserker on Feb 10, 2018.
             Was a Believer of Trog.
             Mangled by an orc warrior
             ... wielding a +0 dire flail
              (17 damage)
             ... on level 2 of the Dungeon.
             The game lasted 00:03:17 (658 turns).

b5mith the Poker (Human Berserker)                   Turns: 658, Time: 00:03:17

Health: -8/29      AC:  8    Str: 17    XL:     3   Next: 90%
Magic:  3/3        EV:  7    Int:  7    God:    Trog [**....]
Gold:   97         SH:  0    Dex: 13    Spells: 2/2 levels left

rFire    . . .     SeeInvis .   a - +0 spear
rCold    . . .     Gourm    .   (no shield)
rNeg     . . .     Faith    .   i - +0 chain mail
rPois    .         Spirit   .   (no helmet)
rElec    .         Reflect  .   (no cloak)
rCorr    .         Harm     .   (no gloves)
MR       .....                  (no boots)
Stlth    ..........             (no amulet)
HPRegen  0.09/turn              (no ring)
MPRegen  0.08/turn              (no ring)

@: no status effects
A: no striking features
a: Berserk, Trog's Hand, Burn Spellbooks, Renounce Religion


You were on level 2 of the Dungeon.
You worshipped Trog.
Trog was pleased with you.
You were not hungry.

You visited 1 branch of the dungeon, and saw 2 of its levels.

You collected 97 gold pieces.

Inventory:

Hand Weapons
 a - a +0 spear (weapon)
Armour
 b - a +0 animal skin
 e - a +0 ring mail
 i - a +0 chain mail (worn)
Scrolls
 d - a scroll of magic mapping {unknown}
 f - a scroll of fog {unknown}
 g - a scroll of teleportation
Potions
 h - a potion of might {unknown}
 j - 2 potions of haste {unknown}
 k - a potion of curing {unknown}
Comestibles
 c - 3 rations


   Skills:
 + Level 3.4 Fighting
 + Level 3.8 Polearms
 + Level 2.3 Armour
 + Level 2.1 Dodging


You had 2 spell levels left.
You didn't know any spells.

Dungeon Overview and Level Annotations

Branches:
Dungeon (2/15)

Altars:


Message History

The orc warrior hits you with a dire flail.
You are too injured to fight recklessly!
You are too injured to fight recklessly!
You are too injured to fight recklessly!
You hit the orc warrior but do no damage.
The orc wizard casts a spell.
The orc wizard flickers and vanishes!
Deactivating autopickup; reactivate with Ctrl-A.
You closely miss the orc warrior.
The orc warrior hits you but does no damage.
You hit the orc warrior but do no damage.
The orc warrior hits you but does no damage.
You barely miss the orc warrior.
The orc warrior hits you with a dire flail.
* * * LOW HITPOINT WARNING * * *
You hit the orc warrior.
The orc warrior is lightly wounded.
The orc warrior hits you with a dire flail!
Ouch! That really hurt!
You die...

#.###.##.#
##.....##
#.###.##.#
##...##
#........#
#+##
#####.####
#.# #.# #.#
#.# #@#
#o########..
#....o.o....
###########.


You could see an orc warrior.

Vanquished Creatures
  An adder (D:2)
  A dart slug (D:1)
  An orc (D:2)
  2 ball pythons (D:2)
  A giant cockroach (D:1)
  9 hobgoblins
  4 kobolds (D:1)
  6 bats
  2 frilled lizards (D:1)
  3 goblins
  2 rats
32 creatures vanquished.

Notes
Turn   | Place    | Note
-------+----------+-------------------------------------------
     0 | D:1      | b5mith the Human Berserker began the quest for the Orb.
     0 | D:1      | Reached XP level 1. HP: 18/18 MP: 1/1
    90 | D:1      | Reached XP level 2. HP: 19/24 MP: 2/2
   272 | D:1      | Reached ** piety under Trog
   355 | D:1      | Reached XP level 3. HP: 24/29 MP: 3/3
   642 | D:2      | Noticed an orc warrior
   658 | D:2      | Mangled by an orc warrior

Vault maps used:
D:1:      tarquinn_simple_flora_water_a
D:2:      kennysheep_generic_room_8

Action                   || total
-------------------------++-------
Melee: Spear             ||   127
  Use: Scroll            ||     1
Armor: Animal skin       ||     3
       Ring mail         ||    11
       Chain mail        ||    25
Dodge: Dodged            ||    38

Table legend:
 A = Spawn XP
 B = Non-spawn XP
 C = Spawn XP percentage of total XP
 D = Spawn monster count
 E = Non-spawn monster count
 F = Spawn count percentage of total count
 G = Total turns spent on level
                    A         B        C        D         E        F      G
               +---------+---------+-------+---------+---------+-------+---------
         Total |       0 |      65 |   0.0 |       0 |      32 |   0.0 |   658
               +---------+---------+-------+---------+---------+-------+---------
           D:1 |       0 |      38 |   0.0 |       0 |      23 |   0.0 |   500
           D:2 |       0 |      27 |   0.0 |       0 |       9 |   0.0 |   158
               +---------+---------+-------+---------+---------+-------+---------
